 Dungeon Crawl Stone Soup version 0.32-a0-893-gf85d74f (webtiles) character file.

Game seed: 16679849678911026453

7123 1n5z the Fighter (level 10, -1/93 HPs)
             Began as a White Draconian Shapeshifter on Apr 3, 2024.
             Was a High Priest of Okawaru.
             Hit by a large rock thrown by a cyclops (33 damage)
             ... on level 11 of the Dungeon.
             The game lasted 00:20:43 (4606 turns).

1n5z the Fighter (White Draconian Shapeshifter)     Turns: 4606, Time: 00:20:43

Health: -1/93      AC: 10    Str: 16    XL:     10   Next: 85%
Magic:  13/13      EV: 23    Int: 10    God:    Okawaru [*****.]
Gold:   615        SH:  0    Dex: 16    Spells: 9/9 levels left

rFire   . .          .
                       - Unarmed
rCold   + . .        (shield currently unavailable)
rNeg    + . .        (body armour unavailable)
rPois   .            (helmet restricted)
rElec   .            g - +1 cloak
rCorr   +            (no gloves)
SInv    .            f - +0 pair of boots
Will    .....        (no amulet)
Stlth   +            l - ring of resist corrosion
HPRegen 0.35/turn    n - ring of positive energy
MPRegen 0.13/turn

%: no passive effects
@: flux-form, heroic, glowing
A: glow, contaminating, glacial breath, AC +7, unfitting armour, cold resistance
1, cold-blooded
a: Glacial Breath, Begin Untransformation, Renounce Religion, Heroism, Finesse,
Duel


You were on level 11 of the Dungeon.
You worshipped Okawaru.
Okawaru was extremely pleased with you.
You were something dangerously unstable.
You visited 2 branches of the dungeon, and saw 12 of its levels.
You also visited: Ossuary.

You collected 615 gold pieces.

Inventory:

Hand Weapons
 e - a +0 falchion
   (You found it on level 5 of the Dungeon)
Missiles
 r - 16 poisoned darts (quivered)
 t - a curare-tipped dart
 z - 2 boomerangs
Armour
 f - a +0 pair of boots (worn)
   (You found it on level 1 of the Dungeon)
 g - a +1 cloak (worn)
   (You found it on level 1 of the Dungeon)
Jewellery
 l - a ring of resist corrosion (left hand)
   (You found it on level 5 of the Dungeon)
 n - a ring of positive energy (right hand)
   (You took it off a gnoll bouda on level 4 of the Dungeon)
Talismans
 b - a beast talisman
 c - a flux talisman (active)
Wands
 d - a wand of charming (7)
   (You found it on level 8 of the Dungeon)
 v - a wand of warping (11)
   (You found it on level 7 of the Dungeon)
 A - a wand of flame (6)
   (You found it on level 10 of the Dungeon)
Scrolls
 a - 2 scrolls of enchant armour
 i - 3 scrolls of revelation
 k - 2 scrolls of teleportation
 m - a scroll of blinking
 p - 2 scrolls of poison
 x - a scroll of brand weapon
 y - a scroll of fear {unknown}
Potions
 h - a potion of heal wounds
 j - a potion of attraction
 o - 2 potions of enlightenment
 q - a potion of mutation
 s - a potion of curing
 u - a potion of resistance
 w - a potion of might


   Skills:
 + Level 10.1(15.1) Fighting
 + Level 8.5(13.5) Dodging
 - Level 8.0(13.0) Unarmed Combat
 - Level 4.0 Invocations
 - Level 7.0 Shapeshifting


You had 9 spell levels left.
You didn't know any spells.
Your spell library contained the following spells:

 Spells                   Type           Power      Damage    Failure   Level
 Kiss of Death            Conj/Necr      0%         2d5       36%         1
 Cigotuvi's Dreadful Rot  Necr/Alch/Air  0%         N/A       50%         2
 Jinxbite                 Hex            0%         N/A       50%         2
 Lesser Beckoning         Tloc           0%         N/A       50%         2
 Scorch                   Fire           0%         2d5       50%         2
 Confusing Touch          Hex            0%         N/A       75%         3
 Inner Flame              Hex/Fire       0%         N/A       75%         3
 Maxwell's Portable Pile  Tloc           0%         2d(5-13)  75%         3
 Teleport Other           Tloc           0%         N/A       75%         3
 Dispel Undead            Necr           0%         3d6       98%         4
 Flame Wave               Conj/Fire      0%         2d4       98%         4
 Ignite Poison            Fire/Alch      0%         N/A       98%         4
 Freezing Cloud           Conj/Ice/Air   0%         6-21      100%        5
 Irradiate                Conj/Alch      0%         3d11      100%        5
 Yara's Violent Unravell  Hex/Alch       0%         3d3       100%        5
 Enfeeble                 Hex            0%         N/A       100%        7
 Ignition                 Fire           0%         3d3       100%        8
 Summon Cactus Giant      Summ           Unusable   N/A       N/A         6

Dungeon Overview and Level Annotations

Branches:
Dungeon (11/15) Zot: 26815  Temple (1/1) D:4 Zot: 5877     Orc (0/2) D:10
Ossuary (visited)
   Lair: D:8-11

Altars:
Ashenzari
Cheibriados
Dithmenos
Elyvilon
Fedhas
Gozag
Hepliaklqana
Kikubaaqudgha
Makhleb
Nemelex Xobeh
Okawaru
Qazlal
Ru
Sif Muna
Trog
Vehumet
Wu Jian
Xom
Yredelemnul
Zin
The Shining One

Annotations:
D:4 exclusion: downstairs


Innate Abilities, Weirdness & Mutations

You are something dangerously unstable.
You glow with magical radiation, making you easy to see and hit.
Foes you strike become dangerously contaminated with magical radiation.
You are incapable of wielding weapons or throwing items.
You can breathe waves of cold which freeze foes solid.
Your icy white scales are hard. (AC +7)
You cannot fit into any form of body armour.
Your flesh is cold resistant. (rC+)
You are cold-blooded and may be slowed by cold attacks.


Message History

The vampire mosquito attacks as it pursues you!
The vampire mosquito bites you!
* * * LOW HITPOINT WARNING * * *
The vampire mosquito draws strength from your injuries!
The vampire mosquito closely misses you.
Unknown command.
You hit the vampire mosquito.
The vampire mosquito begins to glow.
The vampire mosquito is moderately damaged.
The vampire mosquito closely misses you.
You hit the vampire mosquito.
The vampire mosquito glows dangerously bright.
You tail-slap the vampire mosquito.
The vampire mosquito is moderately damaged.
The vampire mosquito bites you.
* * * LOW HITPOINT WARNING * * *
The vampire mosquito closely misses you.
Unknown command.
You hit the vampire mosquito.
The vampire mosquito shudders as magic cascades through it!!
You destroy the vampire mosquito!
Okawaru accepts your kill.
You can now enter into single combat with a foe.
Okawaru will now gift you throwing weapons as you gain piety.
Your base Fighting skill increases to level 10!
Unknown command.
You punch the yak!
The yak begins to glow.
The yak is almost dead.
The yak completely misses you.
You hit the yak but do no damage.
The yak glows dangerously bright.
The yak is almost dead.
You punch the yak!
You kill the yak!
Okawaru accepts your kill.
You see here a yak corpse.
Something hits the vampire mosquito shaped block of ice!!
The vampire mosquito shaped block of ice melts away.
Unknown command.
Unknown command.
The cyclops throws a large rock.
The large rock hits you!!
You die...

...............††.####
.................>...#
.........^...........#
.....###.............#
.....................#
.###....#.....#......#####
.# ....##..C..##......†..#
.# .#.##..#.#..##.#..###.#
#. # ....##.##..p.##..##.#
.# .#.##..I##.#..##..#.#
.. #.....C...##.......#
#..#.....#..##.#....# ...
#.....##.†..##...# #.
#..#.#..##.#..##..#
#....##.##....##....##
....##...##....##...#
.........†..........#


You could see a cyclops.

Vanquished Creatures
  A manticore (D:11)
  An elephant (D:11)
  An unseen horror (D:10)
  A komodo dragon (D:10)
  A hornet (D:9)
  A troll (D:9)
  A shadow (D:11)
  A wyvern (D:8)
  8 yaks (D:5 D:11)
  3 vampire mosquitoes (D:11)
  Edmund (D:4)
  2 acid dragons (D:9)
  3 orc warriors (D:6 D:8 D:10)
  A black bear (D:11)
  A sky beast (D:8)
  3 ogres (D:4 D:5)
  An ice beast (D:7)
  3 phantoms (D:4 D:5)
  2 kobold brigands (D:7)
  2 weeping skulls (Ossuary)
  An elf zombie (Ossuary)
  A bullfrog (D:8)
  5 scorpions (D:4 D:5 D:11)
  9 killer bees (D:5 D:10)
  4 howler monkeys (D:8 D:10)
  A jelly (D:6)
  2 hounds (Temple D:7)
  3 gnoll boudas (D:4 D:5 D:8)
  A human zombie (Ossuary)
  4 orc priests (D:8 D:10)
  3 iguanas (D:4 D:5)
  Jessica (D:3)
  12 orc wizards (D:4 D:6 D:7 D:8 D:10)
  2 mummies (Ossuary)
  A howler monkey zombie (Ossuary)
  7 adders (D:2 D:3 D:4 D:5)
  11 gnolls (D:2 D:4 D:8)
  A shadow imp (D:5)
  2 white imps (D:3 D:5)
  A ribbon worm (D:2)
  4 dart slugs (D:1 D:2 D:4)
  25 orcs (D:3 D:4 D:5 D:6 D:7)
  6 ball pythons (D:2 D:3 D:4)
  6 endoplasms (D:1 D:2 D:3 D:4)
  A giant cockroach (D:4)
  4 goblins (D:3 D:4)
  3 hobgoblins (D:2)
  3 jackals (D:2)
  12 kobolds (D:1 D:2 D:7)
  2 bats (D:3)
  2 frilled lizards (D:2 D:3)
  A hobgoblin zombie (D:4)
  2 orc zombies (Ossuary)
181 creatures vanquished.

Notes
Turn   | Place    | Note
-------+----------+-------------------------------------------
     0 | D:1      | 1n5z the Draconian Shapeshifter began the quest for the
                  | Orb.
     0 | D:1      | Reached XP level 1. HP: 16/16 MP: 1/1
   208 | D:2      | Reached XP level 2. HP: 20/23 MP: 2/2
   213 | D:2      | Reached skill level 2 in Dodging
   330 | D:2      | Reached XP level 3. HP: 15/29 MP: 3/3
   469 | D:3      | Noticed an ogre
   555 | D:2      | Reached skill level 2 in Fighting
   632 | D:2      | Reached XP level 4. HP: 16/36 MP: 4/4
   632 | D:2      | HP: 13/36 [kobold/+0 short sword (3)]
   648 | D:2      | HP: 12/36 [frozen (5)]
   678 | D:2      | HP: 14/36 [ball python (1)]
   799 | D:3      | Noticed Jessica
   814 | D:3      | Killed Jessica
   821 | D:3      | Reached skill level 4 in Shapeshifting
   863 | D:3      | HP: 19/55 [white imp/puff of frost (6)]
   957 | D:4      | Noticed a phantom
   962 | D:4      | Reached XP level 5. HP: 30/42 MP: 5/5
   972 | D:4      | HP: 15/42 [phantom (5)]
   974 | D:4      | Killed a phantom
  1000 | D:4      | Reached skill level 4 in Unarmed Combat
  1043 | D:4      | Noticed a phantom
  1053 | D:4      | Killed a phantom
  1054 | D:4      | Reached skill level 3 in Fighting
  1054 | D:4      | Reached skill level 3 in Dodging
  1054 | D:4      | Reached XP level 6. HP: 29/51 MP: 6/6
  1086 | D:4      | Found a sand-covered staircase.
  1105 | D:4      | Found a staircase to the Ecumenical Temple.
  1163 | D:4      | Noticed Edmund
  1182 | D:4      | Killed Edmund
  1186 | D:4      | HP: 30/76 [poisoned by Edmund]
  1191 | D:4      | HP: 26/76 [poisoned by Edmund]
  1223 | Ossuary  | Entered an ossuary
  1223 | Ossuary  | Found a huge runed translucent gate.
  1223 | Ossuary  | Found a huge runed translucent gate.
  1223 | Ossuary  | Found a huge runed translucent gate.
  1223 | Ossuary  | Found a huge runed translucent gate.
  1223 | Ossuary  | Found a huge runed translucent gate.
  1223 | Ossuary  | Found a huge runed translucent gate.
  1223 | Ossuary  | Found a huge runed translucent gate.
  1223 | Ossuary  | Found a huge runed translucent gate.
  1298 | Ossuary  | Found a huge runed translucent gate.
  1298 | Ossuary  | Found a huge runed translucent gate.
  1299 | Ossuary  | Found a huge runed translucent gate.
  1299 | Ossuary  | Found a huge runed translucent gate.
  1299 | Ossuary  | Found a huge runed translucent gate.
  1301 | Ossuary  | Found a huge runed translucent gate.
  1301 | Ossuary  | Found a huge runed translucent gate.
  1322 | Ossuary  | Reached skill level 5 in Shapeshifting
  1334 | Ossuary  | Found a huge runed translucent gate.
  1334 | Ossuary  | Found a huge runed translucent gate.
  1334 | Ossuary  | Found a huge runed translucent gate.
  1334 | Ossuary  | Found a huge runed translucent gate.
  1334 | Ossuary  | Found a huge runed translucent gate.
  1335 | Ossuary  | Found a huge runed translucent gate.
  1336 | Ossuary  | Found a huge runed translucent gate.
  1337 | Ossuary  | Found a huge runed translucent gate.
  1337 | Ossuary  | Found a huge runed translucent gate.
  1338 | Ossuary  | Found a huge runed translucent gate.
  1338 | Ossuary  | Found a huge runed translucent gate.
  1339 | Ossuary  | Found a huge runed translucent gate.
  1339 | Ossuary  | Found a huge runed translucent gate.
  1362 | Ossuary  | Your scales start taking on an icy white colour.
  1362 | Ossuary  | Reached XP level 7. HP: 52/57 MP: 7/7
  1362 | Ossuary  | Gained mutation: Your flesh is cold resistant. (rC+) [White
                  | Draconian growth]
  1381 | Ossuary  | Found a huge runed translucent gate.
  1381 | Ossuary  | Found a huge runed translucent gate.
  1382 | Ossuary  | Found a huge runed translucent gate.
  1382 | Ossuary  | Found a huge runed translucent gate.
  1382 | Ossuary  | Found a huge runed translucent gate.
  1382 | Ossuary  | Found a huge runed translucent gate.
  1383 | Ossuary  | Found a huge runed translucent gate.
  1430 | Ossuary  | Reached skill level 4 in Fighting
  1542 | Temple   | Entered the Ecumenical Temple
  1554 | Temple   | Became a worshipper of Warmaster Okawaru
  1816 | D:4      | Reached skill level 5 in Unarmed Combat
  1825 | D:4      | Reached skill level 4 in Dodging
  1881 | D:4      | HP: 18/60 [orc priest/divine providence (13)]
  1890 | D:4      | HP: 16/60 [orc wizard/puff of flame (10)]
  2070 | D:5      | Entered Level 5 of the Dungeon
  2070 | D:5      | Noticed a yak
  2070 | D:5      | Noticed a yak
  2070 | D:5      | Noticed a yak
  2092 | D:5      | Reached XP level 8. HP: 60/67 MP: 8/8
  2146 | D:5      | Reached * piety under Okawaru
  2178 | D:5      | HP: 26/67 [poisoned by a killer bee]
  2369 | D:5      | HP: 26/67 [phantom (5)]
  2371 | D:5      | Reached skill level 5 in Fighting
  2615 | D:5      | Reached ** piety under Okawaru
  2616 | D:5      | Reached skill level 5 in Dodging
  2621 | D:5      | Reached skill level 6 in Fighting
  2621 | D:5      | Reached XP level 9. HP: 53/75 MP: 9/9
  2626 | D:5      | HP: 24/75 [ogre/+0 giant club (30)]
  2761 | D:6      | Found an ancient bone altar of Kikubaaqudgha.
  2798 | D:6      | Found a shimmering altar of Xom.
  2798 | D:6      | Found an ornate altar of the Wu Jian Council.
  2801 | D:6      | Found a burning altar of Makhleb.
  2973 | D:7      | Reached *** piety under Okawaru
  3185 | D:8      | Reached skill level 7 in Fighting
  3472 | D:8      | Reached **** piety under Okawaru
  3671 | D:9      | Noticed a troll
  3683 | D:9      | Killed a troll
  3684 | D:9      | Reached skill level 8 in Fighting
  3684 | D:9      | Reached skill level 1 in Invocations
  3684 | D:9      | Reached XP level 10. HP: 88/88 MP: 7/10
  3902 | D:10     | Entered Level 10 of the Dungeon
  3917 | D:10     | Found the +3 robe of Clouds {*Thunder rCloud rElec}
  3961 | D:10     | Reached skill level 2 in Invocations
  4114 | D:10     | HP: 20/90 [komodo dragon (17)]
  4116 | D:10     | Reached skill level 3 in Invocations
  4228 | D:10     | Found a staircase to the Orcish Mines.
  4453 | D:11     | Noticed a manticore
  4469 | D:11     | Killed a manticore
  4474 | D:11     | Reached skill level 9 in Fighting
  4491 | D:11     | Noticed an elephant
  4496 | D:11     | Reached skill level 4 in Invocations
  4517 | D:11     | Killed an elephant
  4572 | D:11     | Noticed a cyclops
  4581 | D:11     | HP: 32/92 [vampire mosquito (10)]
  4591 | D:11     | HP: 29/93 [vampire mosquito (7)]
  4594 | D:11     | Reached ***** piety under Okawaru
  4595 | D:11     | Reached skill level 10 in Fighting
  4606 | D:11     | Hit by a large rock thrown by a cyclops

Illustrated notes

Skill      XL: |  1  2  3  4  5  6  7  8  9 10 |
---------------+-------------------------------+-----
Dodging        | 2 3 4 5 6 8 |  8.5
Fighting       | 2 3 4 6 8 10 | 10.1
Shapeshifting  | 4 5 6 7 |  7.0
Unarmed Combat | 4 5 6 8 |  8.0
Invocations    | 1 4 |  4.0

Action                     |  1- 3 |  4- 6 |  7- 9 | 10-12 || total
---------------------------+-------+-------+-------+-------++-------
  Melee: Unarmed           |    74 |   127 |   413 |   160 ||   774
         Tailslap          |    12 |    18 |    75 |    29 ||   134
         Punch             |     1 |     3 |     2 |       ||     6
  Throw: Throwing net      |     1 |       |     1 |       ||     2
         Dart              |       |       |    11 |       ||    11
 Invoke: Heroism           |       |       |     1 |     3 ||     4
Ability: Glacial Breath    |       |       |     7 |     3 ||    10
    Use: Potion            |       |     2 |     8 |       ||    10
         Scroll            |       |       |     9 |     1 ||    10
   Stab: Sleeping          |     1 |       |       |       ||     1
 Armour: Skin              |    44 |   100 |   176 |    96 ||   416
  Dodge: Dodged            |    52 |    76 |   309 |   168 ||   605
   Form: Flux              |       |       |     1 |       ||     1

Table legend: (Time is in decaauts)
 A = Elapsed time spent in this place.
 B = Non-inter-level travel time spent in this place.
 C = Inter-level travel time spent in this place.
 D = Time resting spent in this place.
 E = Time spent auto-exploring this place.
 F = Levels seen in this place.
 G = Mean time per level.
                   A        B        C        D        E       F      G
               +--------+--------+--------+--------+--------+-----+--------+
         Total |   4583 |   4374 |    209 |    155 |      0 |  13 |  352.5 |
       Dungeon |   4204 |   4030 |    174 |    155 |      0 |  11 |  382.2 |
        Temple |    122 |     87 |     35 |      0 |      0 |   1 |  122.0 |
       Ossuary |    257 |    257 |      0 |      0 |      0 |   1 |  257.0 |
               +--------+--------+--------+--------+--------+-----+--------+

Top non-repeatable levels by time:
     D:4: 768 daAuts
     D:5: 690 daAuts
    D:10: 489 daAuts
     D:3: 452 daAuts
     D:8: 421 daAuts
     D:9: 303 daAuts
     D:2: 292 daAuts
 Ossuary: 257 daAuts
     D:6: 208 daAuts
     D:1: 205 daAuts
     D:7: 188 daAuts
    D:11: 183 daAuts
  Temple: 122 daAuts

Table legend:
 A = Kills in this place as a percentage of kills in the entire game.
 B = Kills by you in this place as a percentage of kills by you in the entire game.
 C = Kills by friends in this place as a percentage of kills by friends in the entire game.
 D = Other kills in this place as a percentage of other kills in the entire game.
 E = Experience gained in this place as a percentage of experience gained in the entire game.
 F = Experience gained in this place divided by the number of levels of this place that you have seen.
                   A       B       C       D       E      F
               +-------+-------+-------+-------+-------+----------------------
         Total | 100.0 | 100.0 |   N/A |   N/A | 100.0 | 782.8
       Dungeon |  94.5 |  94.5 |   N/A |   N/A |  95.8 | 886.7
        Temple |   0.6 |   0.6 |   N/A |   N/A |   0.4 |  43.0
       Ossuary |   5.0 |   5.0 |   N/A |   N/A |   3.7 | 380.0
               +-------+-------+-------+-------+-------+----------------------
